[Event "Titled Tuesday Blitz March 07 Late 2023"]
[White "rikchessmx"]
[Black "Garcia Almaguer, Juan Manuel"]
[BlackFideId "5110491"]
[WhiteElo "2188"]
[BlackElo "2117"]
[Result "0-1"]
[Round "03"]
[TimeControl "180+2"]
[Date "2023.03.07"]
[WhiteClock "0:00:02"]
[BlackClock "0:00:10"]

1. e4 e5 2. Nf3 Nc6 3. Bb5 a6 4. Ba4 Nf6 5. O-O Be7 6. Re1 b5 7. Bb3 O-O 8. d3 h6 9. a4 Bb7 10. c3 d6 11. Nbd2 Na5 12. Bc2 c5 13. Nf1 Re8 14. Ne3 Bf8 15. Nf5 d5 16. Qe2 c4 17. Nd2 g6 18. Ng3 d4 19. dxc4 bxc4 20. Nxc4 Nxc4 21. Qxc4 Rc8 22. Qb3 Qc7 23. Bd2 h5 24. Rac1 h4 25. Nf1 Qd7 26. h3 d3 27. Bb1 Nxe4 28. Qd1 f5 29. Re3 Bc5 30. Rxd3 Bxf2+ 31. Kh1 Qc6 32. Qf3 Ng3+ 33. Nxg3 Qxf3 34. gxf3 hxg3 35. Kg2 e4 36. fxe4 Bxe4+ 37. Rf3 Rcd8 38. Bg5 Bxf3+ 39. Kxf3 Rd5 40. Ba2 Re5 41. Rd1 f4 42. Rxd5 Re3+ 0-1


[Site "https://www.chess.com"]

[Event "Titled Tuesday Blitz March 07 Late 2023"]
[White "Rego, Pedro Filipe"]
[Black "Gamage, Wanshini Vidusama"]
[WhiteFideId "1904310"]
[BlackFideId "9953752"]
[WhiteElo "2193"]
[BlackElo "2175"]
[Result "0-1"]
[Round "03"]
[TimeControl "180+2"]
[Date "2023.03.07"]
[WhiteClock "0:00:07"]
[BlackClock "0:00:29"]

1. c4 g6 2. Nc3 c5 3. g3 Bg7 4. Bg2 Nc6 5. Nf3 e6 6. O-O Nge7 7. e3 O-O 8. d4 cxd4 9. Nxd4 Nxd4 10. exd4 d5 11. cxd5 Nxd5 12. Nxd5 exd5 13. Be3 Be6 14. Qb3 Qb6 15. Rfd1 Qxb3 16. axb3 Rfc8 17. Rd2 a5 18. Bf1 Rc6 19. b4 a4 20. b5 Rcc8 21. Bd3 Bd7 22. Rdd1 Ra5 23. Bd2 Raa8 24. Bc3 a3 25. Rdc1 Bh6 26. f4 Bf8 27. b3 Re8 28. Kf2 h5 29. Rc2 Rec8 30. Raa2 Rc7 31. Ke2 Rac8 32. Ba5 Rxc2+ 33. Bxc2 Bxb5+ 34. Bd3 Bxd3+ 35. Kxd3 Rc1 36. b4 Rc4 37. Rxa3 Bxb4 38. Bxb4 Rxb4 39. Ra8+ Kg7 40. Rd8 Rb2 41. Rxd5 Rxh2 42. Ke3 Rg2 43. Kf3 Rb2 44. f5 g5 45. Rd6 b5 46. Rb6 b4 47. d5 Kf8 48. f6 Ke8 49. Rb7 b3 50. d6 Rb1 51. Kg2 b2 52. Kh2 h4 53. gxh4 gxh4 54. Kg2 Kd8 55. Kh2 Kc8 56. Rb3 Kd7 57. Rb7+ Kxd6 58. Rb3 Ke6 59. Rb6+ Kf5 60. Kg2 Kg5 61. Kh2 Kf5 62. Kg2 Ke5 63. Kh2 Kd5 64. Rb8 Kc4 65. Rc8+ Kd3 66. Rd8+ Ke4 67. Rb8 Ke5 68. Rb6 Kf4 69. Rb4+ Kf3 70. Rb3+ Kg4 71. Rb4+ Kg5 72. Rb6 Kg6 73. Kg2 h3+ 74. Kh2 Kg5 75. Rb5+ Kxf6 76. Rb6+ Ke5 77. Rb5+ Ke4 78. Rb4+ Kd3 79. Rb8 f5 80. Rd8+ Ke4 81. Re8+ Kf4 82. Rb8 Kg4 83. Rg8+ Kh5 84. Rh8+ Kg6 85. Rg8+ Kf6 86. Rb8 f4 87. Rb6+ Ke5 88. Rb5+ Kf6 89. Rf5+ Kxf5 90. Kxh3 Rc1 91. Kg2 b1=Q 0-1


[Site "https://www.chess.com"]

[Event "Titled Tuesday Blitz March 07 Late 2023"]
[White "Sailer, Mike"]
[Black "Jovic, Stanoje"]
[WhiteFideId "2012901"]
[BlackFideId "905020"]
[WhiteElo "2109"]
[BlackElo "2236"]
[Result "1/2-1/2"]
[Round "03"]
[TimeControl "180+2"]
[Date "2023.03.07"]
[WhiteClock "0:00:03"]
[BlackClock "0:00:09"]

1. d4 Nf6 2. Bg5 c5 3. Bxf6 gxf6 4. dxc5 e6 5. g3 Bxc5 6. Bg2 Qb6 7. e3 Qxb2 8. Nd2 d5 9. Ngf3 Nc6 10. O-O Ne5 11. Nb3 Nxf3+ 12. Bxf3 Bb6 13. e4 d4 14. e5 fxe5 15. Re1 f6 16. Bh5+ Ke7 17. Qg4 Bd7 18. Qg7+ Kd6 19. Qxf6 d3 20. Rad1 Rhf8 21. Rxd3+ Kc7 22. Rxd7+ Kxd7 23. Rd1+ Kc6 24. Qxe6+ Kb5 25. Be2+ Ka4 26. Qd7+ Ka3 27. Qd6+ Ka4 28. Qd7+ Ka3 29. Qd6+ Kxa2 30. Ra1+ Qxa1+ 31. Nxa1 Kxa1 32. Qa3+ Kb1 33. Qb3+ Kc1 34. Qa3+ Kd2 35. Qd3+ Kc1 36. Qd1+ Kb2 37. c4 Bxf2+ 38. Kg2 Rad8 39. Qa4 Bd4 40. Qb4+ Kc2 41. Qa4+ Kd2 42. Qd1+ Kc3 43. Qd3+ Kb4 44. Qb1+ Kc5 45. Qb5+ Kd6 46. Qd5+ Ke7 47. Qxb7+ Rd7 48. Qe4 Rf2+ 49. Kh3 Rf7 50. Qh4+ Kd6 51. Qe4 Kc7 52. Qa8 Rf2 53. Bf3 Rxf3 54. Qxf3 a5 55. Qb3 Rd6 56. Qb5 Rh6+ 57. Kg2 Bb6 58. Qxe5+ Kb7 59. Qd5+ Ka6 60. Qb5+ Kb7 61. Qd7+ Bc7 62. Qb5+ Rb6 63. Qd5+ Ka7 64. Qxa5+ Kb8 65. Qd5 Rd6 66. Qb5+ Rb6 67. Qe8+ Ka7 68. c5 Rb2+ 69. Kh3 Kb7 70. Qe3 h5 71. Qd4 Rb5 72. Qd5+ Kb8 73. Qg8+ Kb7 74. Qd5+ Kb8 75. Qg8+ Kb7 76. Qd5+ 1/2-1/2


[Site "https://www.chess.com"]

[Event "Titled Tuesday Blitz March 07 Late 2023"]
[White "Carrasco Miranda, Andres"]
[Black "Kho, Darrell"]
[WhiteFideId "3405990"]
[BlackFideId "1019317"]
[WhiteElo "2183"]
[BlackElo "2171"]
[Result "1-0"]
[Round "03"]
[TimeControl "180+2"]
[Date "2023.03.07"]
[WhiteClock "0:01:34"]
[BlackClock "0:00:48"]

1. e4 e6 2. d3 d5 3. Nd2 Nc6 4. Ngf3 e5 5. exd5 Qxd5 6. g3 Bg4 7. Bg2 Qd7 8. h3 Be6 9. Qe2 f6 10. Ne4 O-O-O 11. Be3 Nd4 12. Nxd4 exd4 13. Bf4 g5 14. Bd2 h6 15. g4 f5 16. gxf5 Bxf5 17. O-O-O Qa4 18. Kb1 Bc5 19. Nxc5 1-0


[Site "https://www.chess.com"]

[Event "Titled Tuesday Blitz March 07 Late 2023"]
[White "Cueto, Jonny"]
[Black "Van Dael, Siem"]
[WhiteFideId "3300145"]
[BlackFideId "1049771"]
[WhiteElo "2234"]
[BlackElo "2336"]
[Result "0-1"]
[Round "03"]
[TimeControl "180+2"]
[Date "2023.03.07"]
[WhiteClock "0:00:12"]
[BlackClock "0:01:47"]

1. d4 Nf6 2. Nf3 g6 3. Bf4 Bg7 4. Nc3 O-O 5. e4 d6 6. Qd2 Re8 7. O-O-O Nc6 8. Bh6 Bg4 9. h4 e5 10. d5 Nd4 11. Be2 Nxe2+ 12. Nxe2 Nxe4 13. Qe3 Bxh6 14. Qxh6 Bxf3 15. gxf3 Nxf2 16. h5 Nxh1 17. hxg6 fxg6 18. Rxh1 Qe7 19. Nc3 Qf7 20. Kb1 Qg7 21. Qh4 Rf8 22. Ne4 Rf4 23. Qh3 Raf8 24. Ng5 R8f5 25. Ne6 Rh5 26. Qg2 Rxh1+ 27. Qxh1 Qf6 28. Nxf4 Qxf4 29. a4 Qxa4 30. Qh3 Qe8 31. Qg4 b6 32. Qg5 Qf7 33. Qd8+ Kg7 34. Qc8 a5 35. b3 h5 36. Qh3 Qxd5 37. Qd7+ Qf7 38. Qc6 h4 39. Qc3 h3 40. Qd3 h2 41. Qd1 Qf4 42. Qh1 Qg3 0-1


[Site "https://www.chess.com"]

[Event "Titled Tuesday Blitz March 07 Late 2023"]
[White "Sabar, Ethmane Daouda"]
[Black "Figorito, Nick"]
[WhiteFideId "19600097"]
[BlackFideId "30923689"]
[WhiteElo "1950"]
[BlackElo "2374"]
[Result "0-1"]
[Round "03"]
[TimeControl "180+2"]
[Date "2023.03.07"]
[WhiteClock "0:00:04"]
[BlackClock "0:00:29"]

1. e4 e6 2. d4 d5 3. Nc3 Bb4 4. exd5 exd5 5. Bd3 Nf6 6. Ne2 O-O 7. O-O Bg4 8. f3 Bh5 9. Nf4 Bg6 10. Nxg6 hxg6 11. Ne2 Bd6 12. Bg5 c6 13. Qe1 Nbd7 14. Qh4 Re8 15. Nf4 Nf8 16. c3 N8h7 17. Nh3 Qc7 18. g3 Nxg5 19. Nxg5 Re3 20. Rad1 Rae8 21. Rf2 Re1+ 22. Rf1 Rxf1+ 23. Rxf1 Re3 24. Bb1 Qe7 25. Qh3 Re2 26. Qc8+ Ne8 27. Kh1 Rxb2 28. f4 Qe2 29. Qh3 Nf6 30. Kg1 Qe3+ 31. Kh1 Qe2 32. Kg1 c5 33. Kh1 cxd4 34. cxd4 Bf8 35. g4 Qxg4 36. Qxg4 Nxg4 37. Rc1 Rxh2+ 38. Kg1 Rd2 0-1


[Site "https://www.chess.com"]

[Event "Titled Tuesday Blitz March 07 Late 2023"]
[White "Harriott, Tyrell"]
[Black "Ardila, Oscar Humberto"]
[WhiteFideId "2086484"]
[BlackFideId "4404742"]
[WhiteElo "2107"]
[BlackElo "1911"]
[Result "1-0"]
[Round "03"]
[TimeControl "180+2"]
[Date "2023.03.07"]
[WhiteClock "0:01:31"]
[BlackClock "0:00:09"]

1. d4 Nf6 2. e3 g6 3. Bd3 Bg7 4. f4 O-O 5. f5 d6 6. fxg6 hxg6 7. Nf3 c5 8. O-O Nc6 9. Qe1 Bg4 10. Ng5 cxd4 11. Qh4 Bh5 12. exd4 Qb6 13. c3 e5 14. Na3 exd4 15. Nc4 Qc5 16. b4 Qd5 17. b5 Ne5 18. Nxe5 dxe5 19. c4 Qd7 20. h3 e4 21. Be2 d3 22. Bxh5 Nxh5 23. g4 Qd4+ 24. Kg2 Qxa1 25. gxh5 f6 26. hxg6 Qxa2+ 27. Kh1 Rfe8 28. Qh7+ Kf8 29. Rxf6+ Bxf6 30. Qf7# 1-0


[Site "https://www.chess.com"]

[Event "Titled Tuesday Blitz March 07 Late 2023"]
[White "Suarez Uriel, Adrian"]
[Black "Bongo Akanga Ndjila, Barthelemy"]
[WhiteFideId "22230874"]
[BlackFideId "10609431"]
[WhiteElo "2331"]
[BlackElo "1768"]
[Result "1-0"]
[Round "03"]
[TimeControl "180+2"]
[Date "2023.03.07"]
[WhiteClock "0:01:33"]
[BlackClock "0:00:34"]

1. d4 d5 2. c4 e6 3. Nc3 a6 4. g3 dxc4 5. Bg2 c5 6. d5 Nf6 7. Nh3 Ra7 8. Nf4 e5 9. Nh3 b5 10. Ng5 Bd6 11. O-O O-O 12. Nge4 Nxe4 13. Nxe4 f5 14. Nxd6 Qxd6 15. Qc2 e4 16. Rd1 Nd7 17. Bf4 Ne5 18. a4 Re7 19. axb5 axb5 20. f3 exf3 21. exf3 Rfe8 22. Ra8 Qf6 23. d6 Rd7 24. Bxe5 Qxe5 25. f4 Qe3+ 26. Qf2 Qxf2+ 27. Kxf2 Kf7 28. Bc6 Rdd8 29. Bxe8+ Kxe8 30. Rxc8 Rxc8 31. d7+ 1-0


[Site "https://www.chess.com"]

[Event "Titled Tuesday Blitz March 07 Late 2023"]
[White "Winkels, Marcel"]
[Black "Nunez V, Gustavo Eduardo"]
[WhiteFideId "1003887"]
[BlackFideId "4403690"]
[WhiteElo "1900"]
[BlackElo "2228"]
[Result "0-1"]
[Round "03"]
[TimeControl "180+2"]
[Date "2023.03.07"]
[WhiteClock "0:00:06"]
[BlackClock "0:00:17"]

1. e4 c5 2. Nf3 Nc6 3. Bb5 g6 4. Bxc6 dxc6 5. O-O Bg7 6. d3 e5 7. Nbd2 Qc7 8. a4 a5 9. Nc4 Be6 10. Qe2 Bxc4 11. dxc4 Nf6 12. b3 O-O 13. Bb2 Rfe8 14. Rad1 Nh5 15. g3 f5 16. exf5 e4 17. fxg6 hxg6 18. Nh4 Bxb2 19. Nxg6 Nf6 20. Qe3 Qg7 21. Nh4 Bd4 22. Qf4 Qg4 23. Qh6 Qh5 24. Qf4 Be5 25. Qe3 Bd4 26. Qf4 Rf8 27. Nf5 Qg4 28. Qxg4+ Nxg4 29. Nxd4 cxd4 30. Rxd4 Rae8 31. Rd7 Rf7 32. Rd6 Kg7 33. h3 Ne5 34. Kg2 Nf3 35. Rfd1 Re5 36. Rd7 c5 37. Rxf7+ Kxf7 38. Rd7+ Re7 39. Rd5 b6 40. Rd6 Re6 41. Rd7+ Kf6 42. g4 Ne1+ 43. Kg3 Nxc2 44. Rd2 Nd4 45. h4 Ke5 46. g5 Nxb3 47. Rb2 Nd4 48. h5 Kf5 49. g6 Kg5 50. Rb1 Kxh5 51. g7 Rg6+ 52. Kf4 Rxg7 53. Kxe4 Rg4+ 54. Kd5 Rg6 55. f4 Kg4 56. Ke4 Re6+ 57. Kd5 Kxf4 58. Rd1 Re5+ 59. Kd6 Re2 60. Kc7 Rb2 61. Rf1+ Ke3 62. Rf6 Kd3 63. Rxb6 Rxb6 64. Kxb6 Nb3 65. Kb5 Kc3 66. Kb6 Kxc4 67. Ka6 Kb4 68. Kb6 c4 0-1


[Site "https://www.chess.com"]

[Event "Titled Tuesday Blitz March 07 Late 2023"]
[White "Lorenzo De La Riva, Lazaro"]
[Black "Rian, Kapriaga"]
[WhiteFideId "2268809"]
[BlackFideId "7103263"]
[WhiteElo "2294"]
[BlackElo "2359"]
[Result "0-1"]
[Round "03"]
[TimeControl "180+2"]
[Date "2023.03.07"]
[WhiteClock "0:00:02"]
[BlackClock "0:01:02"]

1. e4 c6 2. d4 d5 3. Nc3 dxe4 4. Bc4 Bf5 5. f3 e3 6. Bxe3 e6 7. Nge2 Nf6 8. Qd2 Nbd7 9. O-O-O Be7 10. g4 Bg6 11. h4 h5 12. Nf4 Nf8 13. Nxg6 Nxg6 14. Qd3 Qd7 15. Ne4 O-O-O 16. Bg5 Nxe4 17. Qxe4 hxg4 18. Bxe7 Qxe7 19. h5 Qg5+ 20. Kb1 Rxh5 21. Rxh5 Qxh5 22. fxg4 Qg5 23. Rf1 Rd7 24. a4 a6 25. a5 Qxa5 26. Bxe6 fxe6 27. Qxg6 Qd5 28. c3 e5 29. Rf8+ Kc7 30. Qe8 exd4 31. Qc8+ Kb6 32. Rf5 Qe4+ 33. Ka2 Qe6+ 34. Kb1 dxc3 35. bxc3 Rd1+ 36. Kc2 Qxc8 37. Kxd1 g6 38. Rf1 Qxg4+ 39. Kc1 Qe2 40. Rf7 a5 41. c4 a4 42. c5+ Ka6 43. Kb1 a3 44. Rf2 Qxf2 45. Kc1 Qe2 46. Kb1 Qb2# 0-1


[Site "https://www.chess.com"]

[Event "Titled Tuesday Blitz March 07 Late 2023"]
[White "Benaddi, Mouhcine"]
[Black "Michalski, Olaf"]
[WhiteFideId "9001050"]
[BlackFideId "1106740"]
[WhiteElo "2036"]
[BlackElo "2173"]
[Result "1-0"]
[Round "03"]
[TimeControl "180+2"]
[Date "2023.03.07"]
[WhiteClock "0:00:07"]
[BlackClock "0:00:02"]

1. Nf3 d6 2. h3 e5 3. c4 f5 4. d3 Nf6 5. Nc3 Be7 6. g3 O-O 7. Bg2 Qe8 8. Nd2 c6 9. Rb1 Be6 10. b4 d5 11. b5 d4 12. bxc6 Nxc6 13. Nb5 Rc8 14. a4 e4 15. O-O e3 16. Nf3 exf2+ 17. Rxf2 Qd7 18. Ng5 Bc5 19. Nxe6 Qxe6 20. Na3 b6 21. Nc2 Kh8 22. Ne1 Nh5 23. Kh2 Qg6 24. Bf4 Nxf4 25. gxf4 Rce8 26. Nf3 Re3 27. Qd2 Qd6 28. Ne1 Rfe8 29. Bd5 Qh6 30. Bg2 a5 31. Nc2 R3e6 32. Rg1 Nb4 33. Nxb4 axb4 34. Bf1 Re3 35. Qa2 g6 36. a5 bxa5 37. Qxa5 Bd6 38. Qd5 Bxf4+ 39. Kh1 Rxh3+ 40. Kg2 Qh5 41. Rf3 Qg4+ 42. Kf2 Be3+ 43. Rxe3 dxe3+ 44. Ke1 Qxg1 45. Qd4+ Kg8 46. Qd5+ Kf8 47. Qd6+ Kf7 48. Qd5+ Kg7 49. Qd4+ Kh6 50. Qf4+ Qg5 51. Qc7 Rh1 52. Kd1 Rxf1+ 53. Kc2 Qf4 54. Kb3 1-0


[Site "https://www.chess.com"]

[Event "Titled Tuesday Blitz March 07 Late 2023"]
[White "Needleman, Gaston"]
[Black "Ramirez, Maria Eugenia"]
[WhiteFideId "113735"]
[BlackFideId "3301680"]
[WhiteElo "2355"]
[BlackElo "1842"]
[Result "1-0"]
[Round "03"]
[TimeControl "180+2"]
[Date "2023.03.07"]
[WhiteClock "0:00:41"]
[BlackClock "0:01:16"]

1. d4 Nf6 2. Nf3 e6 3. c4 c5 4. d5 exd5 5. cxd5 d6 6. Nc3 g6 7. e4 Bg7 8. Bb5+ Nfd7 9. O-O O-O 10. Bg5 f6 11. Bh4 a6 12. Bd3 Ne5 13. Nxe5 dxe5 14. a4 Qd6 15. Bg3 f5 16. f4 c4 17. Bc2 Qc5+ 18. Kh1 exf4 19. Bxf4 fxe4 20. Nxe4 Qb4 21. Bd6 Qxb2 22. Bxf8 Bxf8 23. Nf6+ Kh8 24. Nxh7 Bg7 25. Rb1 Qe5 26. Bxg6 Nd7 27. Re1 Qd6 28. Re8+ Nf8 29. Nxf8 Bxf8 30. Qh5+ Kg7 31. Qh7+ Kf6 32. Rf1+ Kg5 33. Qh5# 1-0


[Site "https://www.chess.com"]

[Event "Titled Tuesday Blitz March 07 Late 2023"]
[White "Marcolino, Daniel Mattos"]
[Black "Kujawski, Adam"]
[WhiteFideId "2106841"]
[BlackFideId "1100920"]
[WhiteElo "2114"]
[BlackElo "2054"]
[Result "0-1"]
[Round "03"]
[TimeControl "180+2"]
[Date "2023.03.07"]
[WhiteClock "0:02:15"]
[BlackClock "0:02:21"]

1. d4 Nf6 2. Nf3 c5 3. d5 e6 4. Nc3 exd5 5. Nxd5 Nxd5 6. Qxd5 Be7 7. e4 Nc6 8. c3 d6 9. Bc4 Be6 10. Qd3 O-O 11. Bxe6 fxe6 12. O-O Qe8 13. Rd1 Qg6 14. Qe2 Rf7 15. b3 Raf8 16. Bb2 Rxf3 0-1


[Site "https://www.chess.com"]

[Event "Titled Tuesday Blitz March 07 Late 2023"]
[White "Vasques, Antonio Pedro Freixial"]
[Black "Quispe Santacruz, Javier"]
[WhiteFideId "1908332"]
[BlackFideId "3800920"]
[WhiteElo "2212"]
[BlackElo "1875"]
[Result "0-1"]
[Round "03"]
[TimeControl "180+2"]
[Date "2023.03.07"]
[WhiteClock "0:01:06"]
[BlackClock "0:00:41"]

1. e4 c5 2. Nf3 d6 3. Bb5+ Nc6 4. Bxc6+ bxc6 5. O-O e5 6. c3 Nf6 7. d4 cxd4 8. cxd4 Qc7 9. Nc3 Be7 10. Bg5 O-O 11. Rc1 Qa5 12. a3 Bg4 13. dxe5 dxe5 14. Qe2 h6 15. Bh4 Bxf3 16. Qxf3 Rfd8 17. Rfd1 Rxd1+ 18. Rxd1 Rd8 19. h3 Qb6 20. b4 a5 21. Rxd8+ Qxd8 22. Qd1 Qxd1+ 23. Nxd1 axb4 24. axb4 Bxb4 25. Bxf6 gxf6 26. Ne3 Kh7 27. Kf1 Kg6 28. Ke2 Kg5 29. g3 h5 30. Nf5 Bc5 31. f3 Kg6 32. Kd3 Bf2 33. Kc4 Kg5 34. h4+ Kg6 35. Kb4 Bb6 36. Ne7+ Kh6 37. Nxc6 Bf2 38. f4 Bxg3 39. fxe5 fxe5 40. Ne7 Bxh4 41. Nf5+ Kg5 42. Kc5 Be1 43. Kd5 Bc3 44. Ng3 h4 45. Ne2 Bb2 46. Kc4 h3 47. Kb3 Bd4 48. Kc4 Be3 49. Kd3 Bf4 50. Ng1 h2 0-1


[Site "https://www.chess.com"]

[Event "Titled Tuesday Blitz March 07 Late 2023"]
[White "Aung Thant Zin"]
[Black "Vifleemskaia, Svetlana"]
[WhiteFideId "13000063"]
[BlackFideId "4129490"]
[WhiteElo "2278"]
[BlackElo "1930"]
[Result "0-1"]
[Round "03"]
[TimeControl "180+2"]
[Date "2023.03.07"]
[WhiteClock "0:00:38"]
[BlackClock "0:00:48"]

1. e4 e5 2. Nf3 Nc6 3. d4 exd4 4. Nxd4 Bb4+ 5. c3 Bc5 6. Be3 Bb6 7. Bc4 Nf6 8. Nd2 d5 9. exd5 Nxd5 10. Nxc6 bxc6 11. Bxb6 axb6 12. Kf1 O-O 13. h3 Ba6 14. Bxa6 Rxa6 15. Nc4 Qf6 16. Qe2 Raa8 17. Kg1 Rfe8 18. Qg4 b5 19. Nd2 Qd6 20. Ne4 Qe5 21. Ng3 g6 22. Kh2 h5 23. Qh4 Kg7 24. a3 Ra4 25. b4 Qxc3 26. Rhc1 Qe5 27. Re1 Qxe1 28. Rxe1 Rxe1 29. Qd4+ Kh7 30. Ne4 Rxa3 31. Ng5+ Kg8 32. Qf6 Nxf6 0-1


[Site "https://www.chess.com"]

[Event "Titled Tuesday Blitz March 07 Late 2023"]
[White "Lacasa Diaz, Jose Antonio"]
[Black "Eliteplayer3"]
[WhiteFideId "2203375"]
[WhiteElo "2338"]
[BlackElo "2082"]
[Result "1-0"]
[Round "03"]
[TimeControl "180+2"]
[Date "2023.03.07"]
[WhiteClock "0:01:26"]
[BlackClock "0:00:59"]

1. e4 c6 2. d4 d5 3. exd5 cxd5 4. c4 Nf6 5. Nc3 g6 6. Qb3 Bg7 7. cxd5 O-O 8. Be2 Nbd7 9. Bf3 b5 10. Nge2 Rb8 11. Bf4 Rb6 12. O-O Nh5 13. Be3 a5 14. Nxb5 Ba6 15. a4 Qb8 16. Nec3 e5 17. dxe6 fxe6 18. d5 Ne5 19. Bxh5 gxh5 20. dxe6 Rf6 21. Bxb6 Qxb6 22. Nd5 Qb8 23. Nxf6+ Bxf6 24. e7+ Kg7 25. Qe6 Ng4 26. g3 Qe8 27. Nd6 Qc6 28. Nf5+ Kg6 29. Qxc6 Bxf1 30. e8=Q+ Kxf5 31. Qce4+ Kg5 32. Qf4# 1-0


[Site "https://www.chess.com"]

[Event "Titled Tuesday Blitz March 07 Late 2023"]
[White "Curtis, John"]
[Black "Quinones Garcia, Santiago"]
[WhiteFideId "3200256"]
[BlackFideId "4408497"]
[WhiteElo "2203"]
[BlackElo "2263"]
[Result "0-1"]
[Round "03"]
[TimeControl "180+2"]
[Date "2023.03.07"]
[WhiteClock "0:00:03"]
[BlackClock "0:01:47"]

1. e4 e5 2. Nf3 Nc6 3. Bb5 a6 4. Bxc6 dxc6 5. O-O Bd6 6. d4 exd4 7. Nxd4 c5 8. Nb3 Nf6 9. e5 Bxe5 10. Qxd8+ Kxd8 11. Nxc5 b6 12. Rd1+ Bd6 13. Na4 Ke7 14. Bg5 Re8 15. Nbc3 Be6 16. Ne4 Be5 17. f4 Kf8 18. Bxf6 Bxf6 19. Nxf6 gxf6 20. b3 Bf5 21. Rd2 Re4 22. g3 Rae8 23. Nc3 R4e6 24. Nd5 Rd6 25. Rad1 Red8 26. Kf2 c6 0-1


[Site "https://www.chess.com"]

[Event "Titled Tuesday Blitz March 07 Late 2023"]
[White "Sarkar, Justin"]
[Black "Levine, David"]
[WhiteFideId "2010011"]
[BlackFideId "2011611"]
[WhiteElo "2189"]
[BlackElo "2067"]
[Result "1/2-1/2"]
[Round "03"]
[TimeControl "180+2"]
[Date "2023.03.07"]
[WhiteClock "0:00:05"]
[BlackClock "0:00:13"]

1. d4 d5 2. c4 dxc4 3. Nf3 Nf6 4. e3 e6 5. Bxc4 c5 6. O-O Nc6 7. Qe2 cxd4 8. Rd1 Be7 9. exd4 O-O 10. Nc3 Nb4 11. Ne5 Nbd5 12. Bg5 Nxc3 13. bxc3 Nd5 14. Bd2 Qc7 15. Rac1 b6 16. Bd3 Bb7 17. c4 Nf6 18. Bf4 Bd6 19. c5 bxc5 20. dxc5 Bxe5 21. Bxe5 Qc6 22. f3 Rfd8 23. Bxf6 gxf6 24. Be4 Qc7 25. c6 Rxd1+ 26. Qxd1 Ba6 27. Qd2 Rd8 28. Qh6 f5 29. Qg5+ Kf8 30. Qh6+ Kg8 31. Qg5+ Kf8 32. Qh6+ Kg8 1/2-1/2


[Site "https://www.chess.com"]

[Event "Titled Tuesday Blitz March 07 Late 2023"]
[White "Jesusesmifuerza"]
[Black "Balague Camps, Marc"]
[BlackFideId "2297914"]
[WhiteElo "2048"]
[BlackElo "2089"]
[Result "0-1"]
[Round "03"]
[TimeControl "180+2"]
[Date "2023.03.07"]
[WhiteClock "0:00:29"]
[BlackClock "0:02:28"]

1. d4 Nf6 2. Bg5 Ne4 3. Bf4 c5 4. f3 Qa5+ 5. c3 Nf6 6. d5 d6 7. e4 g6 8. Na3 Bg7 9. Nc4 Qd8 10. a4 Nbd7 11. Qd2 O-O 12. Bd3 Ne5 13. Nxe5 dxe5 14. Bxe5 Nxe4 15. Qf4 Bxe5 16. Qxe5 Nd6 17. Ne2 c4 18. Bc2 Qb6 19. Ra2 Bf5 20. Nd4 Bxc2 21. Nxc2 Qb3 22. Nb4 a5 0-1


[Site "https://www.chess.com"]

[Event "Titled Tuesday Blitz March 07 Late 2023"]
[White "Abdyzhaparov, Aidar"]
[Black "Ricaurte Lopez, Juan Carlos"]
[WhiteFideId "13800361"]
[BlackFideId "3600327"]
[WhiteElo "2002"]
[BlackElo "2209"]
[Result "0-1"]
[Round "03"]
[TimeControl "180+2"]
[Date "2023.03.07"]
[WhiteClock "0:00:23"]
[BlackClock "0:00:27"]

1. Nf3 e6 2. c4 d5 3. g3 c6 4. Bg2 f5 5. Qc2 Nf6 6. b3 Bd6 7. Bb2 O-O 8. d3 b5 9. Nbd2 a5 10. O-O Na6 11. e4 Nb4 12. Qc3 c5 13. cxd5 exd5 14. e5 d4 15. Nxd4 Bxe5 16. Qxc5 Nxd3 17. Qxb5 Ba6 18. Qxe5 Nxe5 19. Rfd1 Qb6 20. Nxf5 Rae8 21. Bd4 Qe6 22. Bh3 Qd5 23. Bg2 Qd7 24. Bh3 Nfg4 25. Bxe5 Qxf5 26. f4 Rxe5 27. Bxg4 Qxg4 28. fxe5 Qd4+ 29. Kg2 Rf2+ 30. Kh3 Bc8+ 0-1


[Site "https://www.chess.com"]

[Event "Titled Tuesday Blitz March 07 Late 2023"]
[White "Manu_ChessExcelsior"]
[Black "Uzcategui Rodriguez, Alejandro"]
[BlackFideId "3903400"]
[WhiteElo "1980"]
[BlackElo "2249"]
[Result "0-1"]
[Round "03"]
[TimeControl "180+2"]
[Date "2023.03.07"]
[WhiteClock "0:01:13"]
[BlackClock "0:01:38"]

1. e4 e6 2. d4 d5 3. e5 c5 4. c3 Nc6 5. Nf3 cxd4 6. Bd3 dxc3 7. Nxc3 f6 8. exf6 Nxf6 9. O-O Bd6 10. Re1 O-O 11. Bg5 h6 12. Bh4 Qe8 13. Bb5 Qh5 14. Bg3 Bxg3 15. hxg3 Ng4 16. Ne2 Rxf3 0-1


[Site "https://www.chess.com"]

[Event "Titled Tuesday Blitz March 07 Late 2023"]
[White "Cavanah, Troy"]
[Black "Barash, Anton"]
[WhiteFideId "30949670"]
[BlackFideId "30935229"]
[WhiteElo "1878"]
[BlackElo "2310"]
[Result "0-1"]
[Round "03"]
[TimeControl "180+2"]
[Date "2023.03.07"]
[WhiteClock "0:00:02"]
[BlackClock "0:00:15"]

1. e4 e6 2. d4 d5 3. Nc3 Be7 4. Nf3 Nf6 5. e5 Nfd7 6. Ne2 c5 7. c3 Qa5 8. a3 cxd4 9. b4 Qc7 10. cxd4 Nb6 11. Ra2 Nc4 12. Rc2 Bd7 13. Nc3 b5 14. Bd3 a5 15. bxa5 Rxa5 16. O-O Qa7 17. Bxc4 bxc4 18. Ng5 Bxg5 19. Bxg5 Rxa3 20. Qg4 Ba4 21. Rcc1 Nc6 22. Be3 Kf8 23. f4 Ne7 24. f5 Nxf5 25. Rxf5 exf5 26. Qxf5 Qd7 27. Qg5 h6 28. Qf4 Kg8 29. Rf1 Rxc3 30. Bd2 Rd3 31. Bb4 Kh7 0-1


[Site "https://www.chess.com"]

[Event "Titled Tuesday Blitz March 07 Late 2023"]
[White "Pesotskiy, Mikhail"]
[Black "Desideri, Ricardo Maruchi"]
[WhiteFideId "34164453"]
[BlackFideId "2110440"]
[WhiteElo "2131"]
[BlackElo "1945"]
[Result "1-0"]
[Round "03"]
[TimeControl "180+2"]
[Date "2023.03.07"]
[WhiteClock "0:01:39"]
[BlackClock "0:00:29"]

1. d4 Nf6 2. c4 c5 3. d5 e6 4. Nc3 exd5 5. cxd5 d6 6. e4 g6 7. Bg5 Bg7 8. h3 a6 9. a4 O-O 10. Bd3 Re8 11. Nge2 Nbd7 12. O-O Ne5 13. f4 Nxd3 14. Qxd3 Qb6 15. Qc2 h6 16. Bh4 Qc7 17. Rad1 Bd7 18. e5 dxe5 19. d6 Qc6 20. fxe5 Nh7 21. Nd5 g5 22. Rxf7 Kxf7 23. Qxh7 Rxe5 24. Rf1+ Bf5 25. Rxf5+ Rxf5 26. Qxf5+ Kg8 27. Ne7+ 1-0


[Site "https://www.chess.com"]

[Event "Titled Tuesday Blitz March 07 Late 2023"]
[White "Comas Fabrego, Lluis"]
[Black "Vargas Pereda, Jesus Manue"]
[WhiteFideId "2200325"]
[BlackFideId "5115710"]
[WhiteElo "2523"]
[BlackElo "1914"]
[Result "0-1"]
[Round "03"]
[TimeControl "180+2"]
[Date "2023.03.07"]
[WhiteClock "0:00:01"]
[BlackClock "0:00:47"]

1. Nf3 c5 2. c4 Nc6 3. Nc3 Nf6 4. d4 cxd4 5. Nxd4 d6 6. e4 g6 7. Be2 Bg7 8. Be3 O-O 9. O-O a6 10. f3 Bd7 11. Qd2 Rc8 12. Rfc1 Ne5 13. b3 Re8 14. Rab1 e6 15. Rd1 Bf8 16. Bg5 Be7 17. Nc2 Qb6+ 18. Be3 Qc7 19. Nd4 b5 20. f4 Neg4 21. Rbc1 Nxe3 22. Qxe3 bxc4 23. Bxc4 Qa5 24. Kh1 Ng4 25. Qg3 e5 26. fxe5 Nxe5 27. Bd5 Bf6 28. Qf4 Kg7 29. Rf1 Qd8 30. Nce2 Rf8 31. Nf5+ gxf5 32. exf5 Kh8 33. Nd4 Rxc1 34. Rxc1 Bg5 35. Qf1 Bxc1 36. Qxc1 Qc8 37. Qb2 Nd3 38. Qd2 Qc1+ 39. Qxc1 Nxc1 40. Bc4 Nxa2 41. Bxa6 Re8 42. Bc4 Re1+ 0-1


[Site "https://www.chess.com"]